 Dungeon Crawl Stone Soup version 0.23.0 (webtiles) character file.

Game seed: 5800327346533460972

9326 Lavandula the Grappler (level 11, -1/105 HPs)
             Began as a Troll Berserker on Feb 14, 2019.
             Was a High Priest of Trog.
             Succumbed to a minotaur's poison
             ... on level 11 of the Dungeon.
             The game lasted 00:13:13 (8127 turns).

Lavandula the Grappler (Troll Berserker)            Turns: 8127, Time: 00:13:13

Health: -1/105     AC:  9    Str: 30    XL:     11   Next: 21%
Magic:  10/10      EV: 13    Int:  3    God:    Trog [*****.]
Gold:   746        SH:  0    Dex:  7    Spells: 10/10 levels left

rFire    . . .     SeeInvis .     - Unarmed
rCold    + . .     Gourm    +   (no shield)
rNeg     . . .     Faith    .   N - +0 troll leather armour
rPois    .         Spirit   .   (helmet restricted)
rElec    .         Reflect  .   (no cloak)
rCorr    .         Harm     +   (gloves unavailable)
MR       ++...                  (boots unavailable)
Stlth    +.........             c - amulet of harm
HPRegen  2.07/turn              F - ring of protection from cold
MPRegen  0.12/turn              C - -2 ring of dexterity (curse)

@: lethally poisoned (-1 -> -5), regenerating
A: large, unfitting armour, claws 3, fast metabolism 3, gourmand, regeneration
1, shaggy fur 1, tough skin 3
a: Berserk, Trog's Hand, Brothers in Arms, Renounce Religion


You were on level 11 of the Dungeon.
You worshipped Trog.
Trog was extremely pleased with you.
You were full.

You visited 1 branch of the dungeon, and saw 11 of its levels.
You also visited: Sewer.

You collected 746 gold pieces.

Inventory:

Hand Weapons
 r - a +0 trident of venom
 z - a +4 short sword of draining
Missiles
 u - 22 tomahawks (quivered)
Armour
 M - a +0 shield
 N - a +0 troll leather armour (worn)
Jewellery
 c - an amulet of harm (around neck)
 p - an uncursed ring of flight
 y - the amulet "Mireonah" {+Rage Int+3, unknown}
   (You found it on level 5 of the Dungeon)

   [amulet of rage]

   It affects your intelligence (+3).
   It lets you go berserk.
 C - a cursed -2 ring of dexterity (right claw)
 D - an uncursed amulet of guardian spirit {unknown}
 F - a ring of protection from cold (left claw)
 G - an uncursed ring of positive energy
Wands
 m - a wand of scattershot (4)
 H - a wand of disintegration (12)
 L - a wand of random effects (26)
Scrolls
 g - 2 scrolls of enchant weapon {unknown}
 h - 8 scrolls of remove curse {unknown}
 i - 2 scrolls of immolation {unknown}
 j - 2 scrolls of random uselessness {unknown}
 l - 4 scrolls of noise {unknown}
 n - 8 scrolls of identify {unknown}
 s - 8 scrolls of teleportation {unknown}
 t - 2 scrolls of magic mapping {unknown}
 w - 3 scrolls of enchant armour {unknown}
 A - a scroll of fear {unknown}
 B - 4 scrolls of fog {unknown}
 I - a scroll of amnesia {unknown}
 K - a scroll of vulnerability {unknown}
Potions
 d - 5 potions of curing {unknown}
 e - 3 potions of brilliance {unknown}
 f - 7 potions of might {unknown}
 k - 4 potions of haste {unknown}
 o - 5 potions of magic {unknown}
 q - 8 potions of heal wounds {unknown}
 v - a potion of lignification {unknown}
 x - a potion of invisibility {unknown}
 E - a potion of flight {unknown}
 J - 2 potions of degeneration {unknown}
 O - a potion of agility {unknown}
Comestibles
 b - 16 rations


   Skills:
 + Level 6.1 Fighting
 - Level 5.6 Armour
 - Level 9.9 Dodging
 - Level 10.0 Unarmed Combat


You had 10 spell levels left.
You didn't know any spells.
Your spell library contained the following spells:

 Spells                   Type           Power        Failure   Level  Hunger
 Summon Butterflies       Summ           #.......     56%         1    ##.....
 Call Canine Familiar     Summ           #.......     90%         3    ####...
 Summon Ice Beast         Ice/Summ       #.......     100%        4    #####..
 Summon Mana Viper        Hex/Summ       #.......     100%        5    ######.
 Summon Hydra             Summ           #.........   100%        7    #######


Dungeon Overview and Level Annotations

Branches:
Dungeon (11/15)            Temple (0/1) D:6             Orc (0/2) D:10
   Lair: D:8-11

Altars:
Cheibriados
Elyvilon
Gozag
Nemelex Xobeh
Qazlal
Sif Muna
Uskayaw
Vehumet


Innate Abilities, Weirdness & Mutations

You are too large for most types of armour.
You have claws for hands.
Your metabolism is lightning-fast.
You like to eat raw meat.
Your natural rate of healing is unusually fast.
You are covered in fur. (AC +1)
You have extremely tough skin. (AC +3)


Message History

You see here a wyvern corpse.
You're still recovering from your berserk rage.
You scratch the minotaur.
The minotaur is lightly wounded.
The minotaur hits you!! The minotaur closely misses you.
You scratch the minotaur.
The minotaur is lightly wounded.
Your skin crawls.
You feel resistant to hostile enchantments.
You feel somewhat less full.
You recover from your berserk rage.
You feel sick. The minotaur hits you!! The minotaur gores you!
* * * LOW HITPOINT WARNING * * *
The minotaur throws a poisoned javelin.
The poisoned javelin hits you!!
* * * LOW HITPOINT WARNING * * *
You are lethally poisoned!
Things that are here:
a poisoned javelin; 17 gold pieces Unknown command.
You die...

##...###..# #.........##
##.)#....#.# #÷..##...#.###
######....#.(.....# ###
#...#.....(.......##
..#######..................##
....#.##......###'''###..^..#
.......#......#.@(.$..#.....#
..............#.#(.##.#.#...#
..............###†....#.##..###
..............#.H##.###.###...#
.........#....#.#...# #.###..##
.........#....##.$H(.##.#....#
.##...........#l.#H#..#.#...##
. ##.....####.#########.....#
.# #.....# #.†............##


There were no monsters in sight!

Vanquished Creatures
  Erolcha (D:10)
  The ghost of Raspi the Stickfighter, a journeyman GrGl of Okawaru (D:11)
  A troll (D:10)
  A meliai zombie (D:11)
  2 hippogriffs (D:11)
  Sigmund (D:4)
  A shadow (D:11)
  6 yaks (D:11)
  2 wyverns
  Grum (D:11)
  A steam dragon (D:9)
  A hungry ghost (D:7)
  2 water moccasins
  An ice beast (D:7)
  2 phantoms (D:11)
  A sky beast (D:11)
  4 orc warriors
  5 ogres
  3 wolves
  8 centaurs
  A big kobold (D:10)
  11 bullfrogs
  2 wyvern skeletons (D:11)
  3 howler monkeys
  An electric eel (D:8)
  2 crimson imps
  A quasit (D:11)
  3 hounds
  A centaur zombie (D:10)
  2 bullfrog skeletons
  2 centaur skeletons
  A gnoll shaman (D:4)
  3 jellies (D:9)
  A bullfrog zombie (D:9)
  4 orc priests
  13 orc wizards
  4 iguanas
  6 worker ants
  A hound skeleton (D:6)
  2 worker ant zombies (D:5)
  9 gnolls
  21 adders
  3 river rats (Sewer)
  5 shadow imps
  10 oozes
  An adder zombie (D:7)
  An adder skeleton (D:4)
  7 worms
  2 dart slugs
  5 leopard geckos
  44 orcs
  8 giant cockroaches
  15 goblins
  10 hobgoblins
  8 jackals
  10 kobolds
  7 quokkas
  13 ball pythons
  9 bats
  10 frilled lizards
  A jackal skeleton (D:6)
  37 rats
345 creatures vanquished.

Vanquished Creatures (collateral kills)
  An orc warrior (D:10)
  2 orc priests (D:10)
  2 orcs (D:10)
5 creatures vanquished.

Grand Total: 350 creatures vanquished

Notes
Turn   | Place    | Note
-------+----------+-------------------------------------------
     0 | D:1      | Lavandula the Troll Berserker began the quest for the Orb.
     0 | D:1      | Reached XP level 1. HP: 22/22 MP: 0/0
   151 | D:1      | Reached XP level 2. HP: 29/29 MP: 1/1
   359 | D:1      | Reached skill level 4 in Unarmed Combat
   477 | D:1      | Reached XP level 3. HP: 36/36 MP: 2/2
  1080 | D:2      | Reached skill level 5 in Unarmed Combat
  1080 | D:2      | Reached XP level 4. HP: 36/44 MP: 3/3
  1082 | D:2      | Reached ** piety under Trog
  1438 | D:2      | Reached XP level 5. HP: 39/50 MP: 4/4
  1820 | D:3      | Reached skill level 6 in Unarmed Combat
  2036 | D:3      | Reached *** piety under Trog
  2609 | D:4      | Reached XP level 6. HP: 57/59 MP: 5/5
  2645 | D:4      | Reached skill level 7 in Unarmed Combat
  2760 | D:4      | Found a snail-covered altar of Cheibriados.
  2767 | D:4      | Reached **** piety under Trog
  2882 | D:4      | Noticed a +0 hand axe
  2904 | D:4      | Noticed a +0 dagger
  2910 | D:4      | Found a hide-covered altar of Uskayaw.
  2910 | D:4      | Noticed Sigmund
  2920 | D:4      | Killed Sigmund
  2920 | D:4      | Reached skill level 8 in Unarmed Combat
  2920 | D:4      | Reached XP level 7. HP: 66/66 MP: 6/6
  3273 | D:4      | Reached skill level 9 in Unarmed Combat
  3457 | D:5      | Entered Level 5 of the Dungeon
  3525 | D:5      | Got an ancient emerald amulet
  3603 | D:5      | Reached XP level 8. HP: 64/74 MP: 7/7
  3611 | D:5      | Found a glowing drain.
  3623 | Sewer    | Entered a sewer
  3791 | Sewer    | Reached ***** piety under Trog
  3791 | Sewer    | Reached skill level 10 in Unarmed Combat
  3863 | Sewer    | Received a gift from Trog
  4020 | D:5      | Found a sparkling altar of Nemelex Xobeh.
  4382 | D:6      | Reached skill level 5 in Dodging
  4417 | D:6      | Found an opulent altar of Gozag.
  4568 | D:6      | Reached XP level 9. HP: 65/80 MP: 8/8
  4588 | D:6      | Found a staircase to the Ecumenical Temple.
  5984 | D:8      | Noticed a troll
  6270 | D:9      | Found a radiant altar of Vehumet.
  6284 | D:9      | Found a deep blue altar of Sif Muna.
  6287 | D:9      | Found a white marble altar of Elyvilon.
  6290 | D:9      | Found a stormy altar of Qazlal.
  6850 | D:10     | Entered Level 10 of the Dungeon
  6850 | D:10     | Noticed Erolcha
  6850 | D:10     | Noticed a troll
  6858 | D:10     | Killed a troll
  6863 | D:10     | Killed Erolcha
  6863 | D:10     | Reached XP level 10. HP: 62/88 MP: 9/9
  6930 | D:10     | Reached skill level 1 in Armour
  7116 | D:10     | Found a staircase to the Orcish Mines.
  7554 | D:11     | Reached skill level 5 in Armour
  7850 | D:11     | Reached XP level 11. HP: 101/101 MP: 10/10
  7882 | D:11     | Found a runed translucent gate.
  7883 | D:11     | Found a runed translucent gate.
  7884 | D:11     | Found a runed translucent gate.
  7884 | D:11     | Noticed Grum
  7885 | D:11     | Noticed a minotaur
  7895 | D:11     | Noticed Raspi's ghost (journeyman GrGl)
  7900 | D:11     | Killed Grum
  7900 | D:11     | Reached skill level 5 in Fighting
  8028 | D:11     | Killed Raspi's ghost
  8084 | D:11     | Reached ****** piety under Trog
  8126 | D:11     | HP: 1/105 [minotaur/poisoned javelin (28)]
  8127 | D:11     | Succumbed to a minotaur's poison

Skill      XL: |  1  2  3  4  5  6  7  8  9 10 11 |
---------------+----------------------------------+-----
Unarmed Combat | 4 5 6 8 9 10 | 10.0
Dodging        | 6 9 |  9.9
Armour         | 5 |  5.6
Fighting       | 4 6 |  6.1

Action                   |  1- 3 |  4- 6 |  7- 9 | 10-12 || total
-------------------------+-------+-------+-------+-------++-------
Melee: Unarmed           |    74 |   206 |   309 |   222 ||   811
       Punch             |       |     3 |    19 |    10 ||    32
Invok: Berserk           |     1 |     3 |    10 |     8 ||    22
       Trog's Hand       |       |       |     1 |     1 ||     2
       Brothers in Arms  |       |       |       |     1 ||     1
Evoke: Wand              |       |       |     1 |       ||     1
 Stab: Sleeping          |       |       |     1 |       ||     1
  Eat: Chunk             |     9 |    21 |    41 |    26 ||    97
       Ration            |     1 |       |     2 |       ||     3
Armor: Animal skin       |    26 |    60 |    89 |     2 ||   177
       Troll leather arm |       |       |       |    63 ||    63
Dodge: Dodged            |    34 |    86 |   140 |   157 ||   417
